 Dungeon Crawl Stone Soup version 0.23.2-33-g5129a83184 (webtiles) character file.

Game seed: 11309367811823714323

581 Ceapi the Cleaver (level 7, -6/60 HPs)
             Began as a Hill Orc Berserker on July 16, 2019.
             Was a Priest of Trog.
             Mangled by an orc
             ... wielding the +6 short sword of Haum {elec, rF+}
              (9 damage)
             ... on level 5 of the Dungeon.
             The game lasted 00:11:51 (5085 turns).

Ceapi the Cleaver (Hill Orc Berserker)              Turns: 5085, Time: 00:11:51

Health: -6/60      AC:  5    Str: 22    XL:     7   Next: 36%
Magic:  7/7        EV: 11    Int:  7    God:    Trog [***...]
Gold:   149        SH:  0    Dex: 10    Spells: 6/6 levels left

rFire    . . .     SeeInvis .   t - +0 war axe
rCold    . . .     Gourm    .   (no shield)
rNeg     . . .     Faith    .   s - +0 ring mail
rPois    .         Spirit   .   (no helmet)
rElec    .         Reflect  .   (no cloak)
rCorr    .         Harm     .   (no gloves)
MR       ++...                  (no boots)
Stlth    +.........             (no amulet)
HPRegen  1.20/turn              (no ring)
MPRegen  0.10/turn              (no ring)

@: regenerating
A: no striking features
a: Berserk, Trog's Hand, Renounce Religion


You were on level 5 of the Dungeon.
You worshipped Trog.
Trog was most pleased with you.
You were not hungry.

You visited 1 branch of the dungeon, and saw 5 of its levels.

You collected 149 gold pieces.

Inventory:

Hand Weapons
 t - a +0 war axe (weapon)
Missiles
 l - 129 stones (quivered)
Armour
 s - a +0 ring mail (worn)
Jewellery
 u - an uncursed amulet of the gourmand {unknown}
Scrolls
 a - 2 scrolls of immolation {unknown}
 d - 3 scrolls of identify
 f - 2 scrolls of remove curse {unknown}
 h - a scroll of teleportation {unknown}
 n - a scroll of amnesia {unknown}
 p - 2 scrolls of enchant weapon {unknown}
 r - 2 scrolls of magic mapping {unknown}
 w - a scroll of noise {unknown}
Potions
 b - 2 potions of heal wounds {unknown}
 e - a potion of invisibility {unknown}
 g - a potion of cancellation {unknown}
 i - 2 potions of curing {unknown}
 j - a potion of degeneration {unknown}
 k - 3 potions of flight
 m - a potion of mutation {unknown}
 o - 2 potions of lignification {unknown}
 q - 2 potions of might {unknown}
 v - a potion of haste {unknown}
Comestibles
 c - 8 rations
 x - 2 chunks of flesh


   Skills:
 - Level 4.5 Fighting
 + Level 9.9 Axes
 - Level 2.5 Armour
 - Level 2.1 Dodging
 - Level 0.2 Stealth


You had 6 spell levels left.
You didn't know any spells.
Your spell library was empty.

Dungeon Overview and Level Annotations

Branches:
Dungeon (5/15)
 Temple: D:4-7

Altars:
Hepliaklqana
Makhleb
Nemelex Xobeh
Zin


Message History

You barely miss the orc.
The orc is heavily wounded.
The orc hits you with the +6 short sword of Haum {elec, rF+}!
* * * LOW HITPOINT WARNING * * *
You completely miss the orc.
The orc is heavily wounded.
The orc hits you with the +6 short sword of Haum {elec, rF+}.
* * * LOW HITPOINT WARNING * * *
You closely miss the orc.
The orc is heavily wounded.
The orc misses you.
Your skin crawls.
You feel resistant to hostile enchantments.
You feel somewhat more hungry.
The orc hits you with the +6 short sword of Haum {elec, rF+}.
* * * LOW HITPOINT WARNING * * *
You completely miss the orc.
The orc is heavily wounded.
The orc hits you with the +6 short sword of Haum {elec, rF+}!
You die...

#######
#.....#####
+.....'...#
#...)รท###.#
###.)...#.#
#.#<..#.#
#.#####.#
####.......#
#.()(o@..###
#.(..(..........#
#((.#........##.#
##. #........#
#........#
##########


You could see an orc.

Vanquished Creatures
  2 ogres
  A bullfrog (D:3)
  A scorpion (D:4)
  An orc priest (D:4)
  An iguana (D:3)
  3 orc wizards (D:5)
  2 worker ants (D:4)
  2 adders (D:2)
  An ooze (D:3)
  2 worms (D:2)
  3 dart slugs
  A leopard gecko (D:3)
  8 orcs
  A ball python (D:3)
  6 bats
  A giant cockroach (D:3)
  7 goblins
  3 hobgoblins
  8 jackals
  6 kobolds
  A quokka (D:3)
  6 frilled lizards
  A leopard gecko skeleton (D:3)
  17 rats
85 creatures vanquished.

Notes
Turn   | Place    | Note
-------+----------+-------------------------------------------
     0 | D:1      | Ceapi the Hill Orc Berserker began the quest for the Orb.
     0 | D:1      | Reached XP level 1. HP: 19/19 MP: 1/1
   374 | D:1      | Reached XP level 2. HP: 26/27 MP: 2/2
   680 | D:1      | Reached ** piety under Trog
   797 | D:1      | Reached XP level 3. HP: 30/33 MP: 3/3
  1498 | D:2      | Reached skill level 5 in Axes
  1889 | D:2      | Found a burning altar of Makhleb.
  2130 | D:2      | Found a hazy altar of Hepliaklqana.
  2152 | D:2      | Reached XP level 4. HP: 19/41 MP: 4/4
  2675 | D:3      | Found a sparkling altar of Nemelex Xobeh.
  2712 | D:3      | Noticed a bullfrog
  2723 | D:3      | Killed a bullfrog
  2723 | D:3      | Reached skill level 6 in Axes
  2723 | D:3      | Reached XP level 5. HP: 22/47 MP: 5/5
  3136 | D:3      | Reached *** piety under Trog
  3311 | D:3      | Reached skill level 7 in Axes
  3681 | D:4      | Noticed an ogre
  3690 | D:4      | Killed an ogre
  3690 | D:4      | Reached skill level 8 in Axes
  3690 | D:4      | Reached XP level 6. HP: 26/53 MP: 6/6
  4498 | D:4      | Reached skill level 9 in Axes
  4770 | D:4      | Found a glowing silver altar of Zin.
  4890 | D:5      | Entered Level 5 of the Dungeon
  4893 | D:5      | Reached XP level 7. HP: 60/60 MP: 7/7
  5073 | D:5      | Identified the +6 short sword of Haum {elec, rF+}
  5082 | D:5      | HP: 3/60 [orc/the +6 short sword of Haum {elec, rF+} (2)]
  5085 | D:5      | Mangled by an orc

Skill      XL: |  1  2  3  4  5  6 |
---------------+-------------------+-----
Fighting       | 4 |  4.5
Axes           | 5 6 8 9 |  9.9
Dodging        | 2 |  2.1
Armour         | |  2.5
Stealth        | |  0.2

Action                   |  1- 3 |  4- 6 |  7- 9 || total
-------------------------+-------+-------+-------++-------
Melee: Hand axe          |   132 |    44 |       ||   176
       War axe           |       |   100 |    18 ||   118
Throw: Stone             |       |    35 |     9 ||    44
Invok: Berserk           |       |     1 |       ||     1
       Trog's Hand       |       |       |     1 ||     1
  Use: Scroll            |       |     1 |       ||     1
  Eat: Chunk             |     3 |     6 |     2 ||    11
       Ration            |       |     1 |       ||     1
Armor: Animal skin       |    14 |       |       ||    14
       Leather armour    |    17 |    23 |       ||    40
       Ring mail         |       |     7 |     2 ||     9
Dodge: Dodged            |    86 |    99 |     7 ||   192
